 Dungeon Crawl Stone Soup version 0.30-a0-1157-g2cc9ac7196 (webtiles) character file.

Game seed: 2688283609447610345

1392 qeuew the Firebug (level 8, 0/57 HPs)
             Began as a Demigod Fire Elementalist on Apr 24, 2023.
             Slain by a water moccasin (9 damage)
             ... on level 7 of the Dungeon.
             The game lasted 00:14:54 (6135 turns).

qeuew the Firebug (Demigod Fire Elementalist)       Turns: 6135, Time: 00:14:55

Health: 0/57       AC:  2    Str:  9    XL:     8   Next: 17%
Magic:  1/17       EV: 13    Int: 25    God:
Gold:   396        SH:  0    Dex: 14    Spells: 5/15 levels left

rFire   + . .        h - staff of conjuration
rCold   x . .        (no shield)
rNeg    . . .        a - +0 robe
rPois   .            (no helmet)
rElec   .            (no cloak)
rCorr   .            (no gloves)
SInv    .            (no boots)
Will    .....        (no amulet)
Stlth   +++          j - ring of fire
HPRegen 0.29/turn    (no ring)
MPRegen 0.15/turn

%: no passive effects
@: no status effects
A: high MP 1, forlorn, divine attributes
a: no special abilities


You were on level 7 of the Dungeon.
You visited 1 branch of the dungeon, and saw 7 of its levels.

You collected 396 gold pieces.

Inventory:

Armour
 a - a +0 robe (worn)
Magical Staves
 h - a staff of conjuration (weapon)
Jewellery
 i - a ring of wizardry
 j - a ring of fire (left hand)
Wands
 d - a wand of paralysis (16)
 l - a wand of acid (5)
Scrolls
 c - a scroll of fog
 f - a scroll of magic mapping
 g - 3 scrolls of teleportation
Potions
 b - a potion of cancellation
 e - a potion of mutation
 k - 2 potions of curing
 q - 2 potions of brilliance


   Skills:
 + Level 3.8 Dodging
 + Level 4.1 Stealth
 * Level 4.1 Spellcasting
 * Level 4.1 Conjurations
 + Level 1.9 Translocations
 * Level 5.0 Fire Magic
 + Level 2.3 Evocations


You had 5 spell levels left.
You knew the following spells:

 Your Spells              Type           Power      Damage    Failure   Level
a - Foxfire               Conj/Fire      100%       2x1d9     1%          1
b - Scorch                Fire           90%        2d8       1%          2
c - Volatile Blastmotes   Fire/Tloc      66%        2d15      6%          3
d - Flame Wave            Conj/Fire      58%        2d14      14%         4

Your spell library contained the following spells:

 Spells                   Type           Power      Damage    Failure   Level
 Lesser Beckoning         Tloc           30%        N/A       6%          2
 Summon Small Mammal      Summ           20%        N/A       9%          1
 Inner Flame              Hex/Fire       26%        N/A       10%         3
 Gell's Gravitas          Tloc           15%        N/A       12%         3
 Teleport Other           Tloc           15%        N/A       12%         3
 Cigotuvi's Dreadful Rot  Necr/Pois/Air  10%        N/A       14%         2
 Sublimation of Blood     Necr           5%         N/A       14%         2
 Wereblood                Tmut           5%         N/A       14%         2
 Ignite Poison            Fire/Tmut/Pois 20%        N/A       14%         3
 Portal Projectile        Hex/Tloc       20%        N/A       19%         3
 Call Canine Familiar     Summ           5%         N/A       26%         3
 Summon Guardian Golem    Hex/Summ       5%         N/A       26%         3
 Tukima's Dance           Hex            5%         N/A       26%         3
 Animate Armour           Summ/Erth      10%        N/A       65%         4
 Leda's Liquefaction      Hex/Erth       2%         N/A       65%         4
 Freezing Cloud           Conj/Ice/Air   9%         6-21      80%         5
 Blade Hands              Tmut           2%         N/A       94%         5
 Lee's Rapid Deconstruct  Erth           2%         3d5*      94%         5
 Iron Shot                Conj/Erth      11%        9d3       99%         6
 Statue Form              Tmut/Erth      3%         N/A       100%        6
 Summon Hydra             Summ           2%         N/A       100%        7


Dungeon Overview and Level Annotations

Branches:
Dungeon (7/15)
 Temple: D:4-7


Innate Abilities, Weirdness & Mutations

You have an increased reservoir of magic. (+10% MP)
You shall have no god before yourself.
Your divine heritage dramatically boosts your attributes as you level up.


Message History

The water moccasin attacks as you move away!
The water moccasin bites you but does no damage.
Casting: Volatile Blastmotes (dangerous; 7% risk of failure)
Confirm with . or Enter, or press ? or * to list all spells.
You feel a surge of power!
Flames lash the water moccasin.
The water moccasin is moderately wounded.
The water moccasin's fire resistance burns away.
The water moccasin bites you.
Casting: Scorch (safe; 1% risk of failure)
Confirm with . or Enter, or press ? or * to list all spells.
You feel a surge of power!
Flames lash the wight.
The wight is moderately damaged.
The wight's fire resistance burns away.
The water moccasin bites you!
* * * LOW HITPOINT WARNING * * *
The water moccasin bites you.
* * * LOW HITPOINT WARNING * * *
Casting: Scorch (safe; 1% risk of failure)
Confirm with . or Enter, or press ? or * to list all spells.
You feel a surge of power!
Flames lash the wight.
The wight is burned terribly!
You destroy the wight!
The water moccasin closely misses you.
Your Fire Magic skill increases to level 5!
Casting: Scorch (safe; 1% risk of failure)
Confirm with . or Enter, or press ? or * to list all spells.
You feel a surge of power!
Flames lash the wight.
The wight is heavily damaged.
The wight's fire resistance burns away.
The water moccasin barely misses you. The water moccasin misses you.
Casting: Scorch (safe; 1% risk of failure)
Confirm with . or Enter, or press ? or * to list all spells.
You feel a surge of power!
Flames lash the water moccasin.
The water moccasin is burned terribly!
The water moccasin is heavily wounded.
The water moccasin completely misses you.
Casting: Scorch (safe; 1% risk of failure)
Confirm with . or Enter, or press ? or * to list all spells.
You feel a surge of power!
Flames lash the wight.
The wight is burned terribly!
You destroy the wight!
The water moccasin bites you!
You die...

#..# ## #.# #..#
...####.####
..####..#
........#...
#.......#
....>....... #<#
##.####<.... # #.# #
#...$.
#...##.#########
#.#.##
#..........)...####.#
#.#.#
######..#####.)S@...#
#.#.. ##.# #..######
#.#.## ### #..# ...(#
#..# #.### #... #.#
#.#.#


#oo ..!.# .. .# You could see a water moccasin (combustible).

Vanquished Creatures
  A water moccasin (D:5)
  An ice beast (D:6)
  2 ogres
  A phantom (D:4)
  4 scorpions
  8 wights
  2 hounds
  A jelly (D:4)
  A sleepcap (D:6)
  Terence (D:3)
  An iguana (D:5)
  An orc wizard (D:4)
  4 gnolls
  4 adders
  A shadow imp (D:6)
  4 dart slugs
  8 orcs
  8 ball pythons
  5 bats
  10 endoplasms
  2 giant cockroaches
  3 goblins
  6 hobgoblins
  3 quokkas
  9 frilled lizards
  4 kobolds
  3 rats (D:2)
98 creatures vanquished.

Vanquished Creatures (collateral kills)
  A foxfire (D:4)
1 creature vanquished.

Vanquished Creatures (others)
  326 foxfires
  9 plants (D:4)
335 creatures vanquished.

Grand Total: 434 creatures vanquished

Notes
Turn   | Place    | Note
-------+----------+-------------------------------------------
     0 | D:1      | qeuew the Demigod Fire Elementalist began the quest for the
                  | Orb.
     0 | D:1      | Reached XP level 1. HP: 14/14 MP: 5/5
    21 | D:1      | Reached skill level 1 in Conjurations
   195 | D:1      | Reached XP level 2. HP: 19/20 MP: 1/7
  1093 | D:1      | Learned a level 2 spell: Scorch
  1200 | D:2      | Reached skill level 3 in Fire Magic
  1282 | D:2      | Reached XP level 3. HP: 26/26 MP: 4/8
  1950 | D:3      | Learned a level 3 spell: Volatile Blastmotes
  2428 | D:3      | Reached XP level 4. HP: 21/33 MP: 5/10
  2518 | D:3      | Noticed Terence
  2524 | D:3      | Killed Terence
  3359 | D:4      | Reached XP level 5. HP: 35/38 MP: 3/11
  3877 | D:4      | Noticed an ogre
  3884 | D:4      | Killed an ogre
  3885 | D:4      | Reached skill level 1 in Evocations
  3885 | D:4      | Reached XP level 6. HP: 45/45 MP: 8/13
  3890 | D:4      | Learned a level 4 spell: Flame Wave
  4273 | D:5      | Entered Level 5 of the Dungeon
  4667 | D:5      | Reached skill level 4 in Fire Magic
  4669 | D:5      | Reached XP level 7. HP: 45/50 MP: 2/15
  4923 | D:5      | Reached skill level 1 in Translocations
  5586 | D:7      | Noticed a steam dragon
  5817 | D:6      | Reached XP level 8. HP: 57/57 MP: 12/17
  6133 | D:7      | Reached skill level 5 in Fire Magic
  6135 | D:7      | Slain by a water moccasin

Illustrated notes

Levels and vault maps discovered:
D:1:      dpeg_arrival_houses_and_road, layout_basic
D:2:      layout_rooms, basic_altar
D:3:      layout_basic, nemelex_diamond_rough_becter, uniq_terence
D:4:      layout_loops_ring, serial_bayou, serial_bayou_shore_a,
          serial_bayou_pond_c, serial_bayou_pond_b, serial_bayou_lagoon_a,
          serial_bayou_pond_e
D:5:      layout_basic, chequers_serial_rivers_marsh
D:6:      layout_rooms
D:7:      layout_loops_ring, lemuel_round_altar, lemuel_doored_altar,
          mainiacjoe_overflow_cross_hatched, fiery_altar_vehumet,
          minmay_temple_entry_gardened_gates

Skill      XL: |  1  2  3  4  5  6  7  8 |
---------------+-------------------------+-----
Conjurations   | 1 2 3 4 |  4.1
Stealth        | 2 3 4 |  4.1
Dodging        | 2 3 |  3.8
Spellcasting   | 2 3 4 |  4.1
Fire Magic     | 3 4 5 |  5.0
Evocations     | 1 2 |  2.3
Translocations | 1 |  1.9

Action                     |  1- 3 |  4- 6 |  7- 9 || total
---------------------------+-------+-------+-------++-------
  Melee: Unarmed           |    31 |     8 |       ||    39
         Punch             |     1 |       |       ||     1
         Staff             |       |     9 |     1 ||    10
   Cast: Foxfire           |   102 |    76 |    28 ||   206
         Scorch            |     4 |    18 |    21 ||    43
         Volatile Blastmot |       |       |     7 ||     7
    Use: Scroll            |     6 |     2 |     7 ||    15
         Potion            |     3 |     2 |     3 ||     8
   Stab: Sleeping          |     1 |     1 |       ||     2
 Armour: Robe              |    12 |     6 |     2 ||    20
  Dodge: Dodged            |    20 |    30 |    23 ||    73

Table legend: (Time is in decaauts)
 A = Elapsed time spent in this place.
 B = Non-inter-level travel time spent in this place.
 C = Inter-level travel time spent in this place.
 D = Time resting spent in this place.
 E = Time spent auto-exploring this place.
 F = Levels seen in this place.
 G = Mean time per level.
                   A        B        C        D        E       F      G
               +--------+--------+--------+--------+--------+-----+--------+
         Total |   6152 |   5952 |    200 |     25 |   5147 |   7 |  878.9 |
       Dungeon |   6152 |   5952 |    200 |     25 |   5147 |   7 |  878.9 |
               +--------+--------+--------+--------+--------+-----+--------+

Top non-repeatable levels by time:
     D:4: 1218 daAuts
     D:1: 1134 daAuts
     D:3: 1129 daAuts
     D:5: 1055 daAuts
     D:2: 825 daAuts
     D:6: 734 daAuts
     D:7: 53 daAuts
